 Dungeon Crawl Stone Soup version 0.28-a0-628-g3c9886e45e (webtiles) character file.

Game seed: 2666177691742721224

11 willcat the Sneak (level 2, -2/24 HPs)
             Began as a Human Delver on Oct 8, 2021.
             Slain by a water moccasin skeleton (5 damage)
             ... on level 5 of the Dungeon.
             The game lasted 00:00:40 (373 turns).

willcat the Sneak (Human Delver)                     Turns: 373, Time: 00:00:41

Health: -2/24      AC:  3    Str: 12    XL:     2   Next: 40%
Magic:  11/11      EV: 12    Int: 10    God:
Gold:   9          SH:  0    Dex: 18    Spells: 1/1 levels left

rFire   . . .      SeeInvis .   a - +0 falchion
rCold   . . .      Faith    .   (no shield)
rNeg    . . .      Spirit   .   b - +0 leather armour
rPois   .          Reflect  .   (no helmet)
rElec   .          Harm     .   (no cloak)
rCorr   .          Rampage  .   (no gloves)
Will    .....                   (no boots)
Stlth   +++.......              (no amulet)
HPRegen 0.08/turn               h - ring "Utopsoes" {MP+9 Dex+4}
MPRegen 0.12/turn               (no ring)

@: no status effects
A: no striking features
a: no special abilities


You were on level 5 of the Dungeon.
You visited 1 branch of the dungeon, and saw 1 of its levels.

You collected 9 gold pieces.

Inventory:

Hand Weapons
 a - a +0 falchion (weapon)
Armour
 b - a +0 leather armour (worn)
Jewellery
 h - the ring "Utopsoes" (left hand) {MP+9 Dex+4}
   (You found it on level 5 of the Dungeon)

   [ring of magical power]

   Dex:       It affects your dexterity (+4).
   MP:        It affects your magic capacity (+9).
Wands
 g - a wand of digging (3)
Scrolls
 c - a scroll of fog
 d - a scroll of magic mapping
 e - a scroll of fear
Potions
 f - a potion of haste
 i - a potion of curing {unknown}


   Skills:
 - Level 3.0 Fighting
 + Level 2.3 Long Blades
 + Level 2.3 Dodging
 + Level 5.1 Stealth


You had one spell level left.
You didn't know any spells.
Your spell library was empty.

Dungeon Overview and Level Annotations

Branches:
Dungeon (5/15)
 Temple: D:4-7

Altars:

Annotations:
D:5 Blork the orc


Message History

You are too injured to fight recklessly!
You hit the orc.
You kill the orc!
Things that are here:
a +0 short sword; 19 stones You start resting.
HP restored.
An ice beast comes into view.
The ice beast moves out of view.
An ice beast is nearby!
An ice beast is nearby!
You now have 9 gold pieces.
There are no items here.
You see here an inky potion.
i - an inky potion The water moccasin skeleton bites you.
You hit the water moccasin skeleton.
The water moccasin skeleton is lightly damaged.
The water moccasin skeleton bites you. x2
You are too injured to fight recklessly!
You are too injured to fight recklessly!
You barely miss the water moccasin skeleton.
The water moccasin skeleton is lightly damaged.
The water moccasin skeleton bites you but does no damage.
You are too injured to fight recklessly!
You slash the water moccasin skeleton!
The water moccasin skeleton is moderately damaged.
The water moccasin skeleton barely misses you.
The water moccasin skeleton bites you.
* * * LOW HITPOINT WARNING * * *
You hit the water moccasin skeleton.
The water moccasin skeleton is moderately damaged.
The water moccasin skeleton bites you.
* * * LOW HITPOINT WARNING * * *
You hit the water moccasin skeleton.
The water moccasin skeleton is heavily damaged.
The water moccasin skeleton bites you.
* * * LOW HITPOINT WARNING * * *
The water moccasin skeleton bites you.
You die...

#......#.........#
##......#.........#
........#....†....#
.###.........#######
.Z.........#.#
##.....###.# ####. .
####.####.#####....o
.### ###..........
#..###
#...............>..


You could see a water moccasin skeleton.

Vanquished Creatures
  An adder (D:5)
  An orc (D:5)
2 creatures vanquished.

Vanquished Creatures (others)
  5 plants (D:5)
5 creatures vanquished.

Grand Total: 7 creatures vanquished

Notes
Turn   | Place    | Note
-------+----------+-------------------------------------------
     0 | D:5      | willcat the Human Delver began the quest for the Orb.
     0 | D:5      | Reached XP level 1. HP: 18/18 MP: 1/1
    16 | D:5      | Noticed Blork the orc
    45 | D:5      | Reached XP level 2. HP: 5/24 MP: 2/2
    73 | D:5      | Noticed a scorpion
    94 | D:5      | Identified the ring "Utopsoes" {MP+9 Dex+4}
   347 | D:5      | Noticed an ice beast
   373 | D:5      | Slain by a water moccasin skeleton

Illustrated notes

Levels and vault maps discovered:
D:5:      layout_rooms, lemuel_tele_altar, nicolae_elyvilon_temple_path,
          uniq_blork_the_orc, uniq_edmund

Action                   || total
-------------------------++-------
Melee: Falchion          ||    21
Armor: Leather armour    ||     8
Dodge: Dodged            ||    12

Table legend: (Time is in decaauts)
 A = Elapsed time spent in this place.
 B = Non-inter-level travel time spent in this place.
 C = Inter-level travel time spent in this place.
 D = Time resting spent in this place.
 E = Time spent auto-exploring this place.
 F = Levels seen in this place.
 G = Mean time per level.
                   A        B        C        D        E       F      G
               +--------+--------+--------+--------+--------+-----+--------+
         Total |    376 |    376 |      0 |    259 |     21 |   1 |  376.0 |
       Dungeon |    376 |    376 |      0 |    259 |     21 |   1 |  376.0 |
               +--------+--------+--------+--------+--------+-----+--------+

Top non-repeatable levels by time:
     D:5: 376 daAuts
